 Dungeon Crawl Stone Soup version 0.31-a0-543-geaa9c7a2c0 (webtiles) character file.

Game seed: 99052032557813198

231 Ethylacetat the Insei (level 6, -4/43 HPs)
             Began as an Octopode Gladiator on Aug 15, 2023.
             Was an Initiate of Gozag.
             Slain by an orc warrior
             ... wielding a +0 scimitar
              (6 damage)
             ... on level 4 of the Dungeon.
             The game lasted 00:03:07 (3159 turns).

Ethylacetat the Insei (Octopode Gladiator)          Turns: 3159, Time: 00:03:07

Health: -4/43      AC:  1    Str: 13    XL:     6   Next: 3%
Magic:  6/6        EV: 15    Int: 11    God:    Gozag
Gold:   536        SH:  0    Dex: 15    Spells: 5/5 levels left

rFire   . . .        w - +0 dagger (venom)
rCold   . . .        (no shield)
rNeg    . . .        a - +0 hat
rPois   .            (no amulet)
rElec   .            (no ring)
rCorr   .            (no ring)
SInv    .            (no ring)
Will    .....        (no ring)
Stlth   ++           (no ring)
HPRegen 0.27/turn    (no ring)
MPRegen 0.10/turn    (no ring)
                     (no ring)

%: no passive effects
@: no status effects
A: almost no armour, amphibious, 8 rings, camouflage 1, gelatinous body 1,
(nimble swimmer 1), tentacles
a: Renounce Religion, Potion Petition, Call Merchant, Bribe Branch


You were on level 4 of the Dungeon.
You worshipped Gozag.
Gozag was pleased with you.
You visited 1 branch of the dungeon, and saw 4 of its levels.

You collected 536 gold pieces.

Inventory:

Hand Weapons
 e - a +1 short sword of protection
 w - a +0 dagger of venom (weapon)
Missiles
 b - 7 throwing nets (quivered)
 c - 4 javelins
Armour
 a - a +0 hat (worn)
Scrolls
 h - 2 scrolls of teleportation {unknown}
 j - a scroll of poison {unknown}
 n - a scroll of fear {unknown}
 s - 2 scrolls of identify {unknown}
 t - a scroll of enchant weapon {unknown}
 u - a scroll of amnesia {unknown}
 v - a scroll of enchant armour {unknown}
Potions
 d - a potion of brilliance {unknown}
 f - a potion of heal wounds {unknown}
 g - a potion of haste {unknown}
 i - a potion of invisibility {unknown}
 k - 2 potions of curing
 l - a potion of mutation {unknown}
 m - 2 potions of cancellation {unknown}
 o - 2 potions of magic {unknown}
 p - a potion of might {unknown}
 q - a potion of berserk rage {unknown}
 r - a potion of resistance {unknown}


   Skills:
 + Level 3.9 Fighting
 - Level 2.0 Throwing
 + Level 4.4 Dodging
 + Level 4.4 Unarmed Combat


You had 5 spell levels left.
You didn't know any spells.
Your spell library contained the following spells:

 Spells                   Type           Power      Damage    Failure   Level
 Vhi's Electric Charge    Tloc/Air       0%         N/A       71%         3
 Anguish                  Hex/Necr       0%         N/A       98%         4
 Cause Fear               Hex            0%         N/A       98%         4
 Arcjolt                  Conj/Air       0%         1d10      100%        5
 Plasma Beam              Fire/Air       0%         2x1d10    100%        6
 Enfeeble                 Hex            0%         N/A       100%        7


Dungeon Overview and Level Annotations

Branches:
Dungeon (4/15)
 Temple: D:4-7

Altars:
Ashenzari
Elyvilon
Fedhas
Gozag
Makhleb
Trog
Yredelemnul
The Shining One

Shops:
D:4 *


Innate Abilities, Weirdness & Mutations

You cannot wear most types of armour.
You are amphibious.
You can wear up to eight rings at the same time.
Your skin changes colour to match your surroundings (Stealth+).
Your rubbery body absorbs attacks. (AC +1, EV +1)
((You are camouflaged when in or above water. (Stealth+)))
You have tentacles for arms and can constrict up to eight enemies at once.


Message History

No target in view!
You feel sick.
You feel sick.
You feel sick.
You feel sick.
You feel sick.
You feel sick.
You feel sick.
You are no longer poisoned.
An orc warrior comes into view. It is wielding a +0 scimitar.
An orc and a goblin come into view.
The orc moves out of view.
A goblin is nearby!
The orc warrior shouts!
The goblin shouts!
You hear a shout!
An orc wizard comes into view. It is wielding a +0 flail.
The orc shouts!
The orc warrior hits you with a +0 scimitar!
An orc wizard comes into view. It is wielding a +0 dagger.
There are monsters nearby!
You are too injured to fight recklessly!
There are monsters nearby!
You are too injured to fight recklessly!
Your +1 short sword of protection goes still.
Your +0 dagger of venom begins to drip with poison!
w - a +0 dagger of venom (weapon)
You hit the orc warrior but do no damage.
The orc warrior is poisoned.
You grab the orc warrior.
You constrict the orc warrior, but do no damage.
The orc wizard gestures at you while chanting.
The puff of flame hits you!
The orc warrior hits you with a +0 scimitar!
* * * LOW HITPOINT WARNING * * *
It was a potion of curing.
You feel better.
You constrict the orc warrior.
The orc warrior hits you with a +0 scimitar!
* * * LOW HITPOINT WARNING * * *
You release your grip on the orc warrior.
The orc warrior attacks as you move away!
The orc warrior hits you with a +0 scimitar.
You die...
Your body crumbles into a pile of gold.

###...... ...
#........
###.....# ...#
#.####### .#...#
..# ##.# .#..#.
..# ##..# . ...
#.# #..## . ....
#.# ##.## .....
#.###).#
.o..o.###$.....#
#.g@.....#.#
....o.o#######.#
...>..# #.#
###### #.# #.#
###


You could see an orc warrior (very poisoned), 2 orc wizards, an orc and a
goblin.

Vanquished Creatures
  A scorpion (D:4)
  An iguana (D:4)
  6 adders
  An ufetubus (D:4)
  An adder zombie (D:3)
  3 dart slugs
  An orc (D:4)
  6 ball pythons
  7 endoplasms
  4 giant cockroaches
  8 goblins
  6 hobgoblins
  2 jackals (D:2)
  6 kobolds
  7 quokkas
  A ball python zombie (D:3)
  5 bats
  A frilled lizard (D:1)
  9 rats
76 creatures vanquished.

Notes
Turn   | Place    | Note
-------+----------+-------------------------------------------
     0 | D:1      | Ethylacetat the Octopode Gladiator began the quest for the
                  | Orb.
     0 | D:1      | Reached XP level 1. HP: 14/14 MP: 1/1
    44 | D:1      | Reached XP level 2. HP: 13/19 MP: 2/2
    78 | D:1      | Found a faded altar of an unknown god.
   126 | D:1      | Prayed at the altar of an unknown god.
   126 | D:1      | Became a worshipper of Gozag Ym Sagoz the Greedy
   559 | D:1      | Reached XP level 3. HP: 25/25 MP: 3/3
  1616 | D:2      | Reached XP level 4. HP: 30/30 MP: 4/4
  2513 | D:3      | Reached XP level 5. HP: 36/36 MP: 5/5
  2514 | D:3      | Found a basalt altar of Yredelemnul.
  2657 | D:4      | Found Ytiod's Gadget Gallery.
  2908 | D:4      | Found an opulent altar of Gozag.
  2908 | D:4      | Found a burning altar of Makhleb.
  2908 | D:4      | Found a white marble altar of Elyvilon.
  2934 | D:4      | Found a glowing golden altar of the Shining One.
  2939 | D:4      | Found a bloodstained altar of Trog.
  2942 | D:4      | Found a blossoming altar of Fedhas.
  2943 | D:4      | Found a broken altar of Ashenzari.
  3126 | D:4      | Reached XP level 6. HP: 32/43 MP: 6/6
  3152 | D:4      | Noticed an orc warrior
  3158 | D:4      | HP: 2/43 [orc warrior/+0 scimitar (10)]
  3159 | D:4      | Slain by an orc warrior

Illustrated notes

Levels and vault maps discovered:
D:1:      dpeg_arrival_pits, layout_basic,
          hellmonk_ecumenical_altar_defaced_shrine,
          nicolae_concentric_dashed_squares_mild, nicolae_titane
D:2:      layout_loops_ring, minmay_misc_feat_tower
D:3:      layout_basic, lemuel_zombie_altar_yredelemnul,
          kennysheep_pointless_box, chequers_serial_rivers_small_a
D:4:      layout_basic, nicolae_overflow_hallway_of_the_gods,
          mainiacjoe_overflow_alcove_1, nicolae_shop_gadgets

Skill      XL: |  1  2  3  4  5 |
---------------+----------------+-----
Fighting       | 3 |  3.9
Dodging        | 4 |  4.4
Unarmed Combat | 4 |  4.4
Throwing       | |  2.0

Action                     |  1- 3 |  4- 6 || total
---------------------------+-------+-------++-------
  Melee: Unarmed           |    23 |       ||    23
         Constrict         |    20 |    20 ||    40
         Tentacles         |    15 |    21 ||    36
         Punch             |     2 |     6 ||     8
         Short sword       |    64 |    85 ||   149
         Dagger            |       |     1 ||     1
    Use: Potion            |       |     1 ||     1
   Stab: Sleeping          |     7 |     6 ||    13
         Distracted        |       |     1 ||     1
 Armour: Skin              |    12 |    19 ||    31
  Dodge: Dodged            |    42 |    58 ||   100

Table legend: (Time is in decaauts)
 A = Elapsed time spent in this place.
 B = Non-inter-level travel time spent in this place.
 C = Inter-level travel time spent in this place.
 D = Time resting spent in this place.
 E = Time spent auto-exploring this place.
 F = Levels seen in this place.
 G = Mean time per level.
                   A        B        C        D        E       F      G
               +--------+--------+--------+--------+--------+-----+--------+
         Total |   3156 |   3091 |     65 |      0 |   2594 |   4 |  789.0 |
       Dungeon |   3156 |   3091 |     65 |      0 |   2594 |   4 |  789.0 |
               +--------+--------+--------+--------+--------+-----+--------+

Top non-repeatable levels by time:
     D:3: 910 daAuts
     D:1: 895 daAuts
     D:2: 848 daAuts
     D:4: 501 daAuts
